 Dungeon Crawl Stone Soup version 0.31-a0-214-gb37851dbb3 (webtiles) character file.

Game seed: 4078388695625906014

32 qw the Shooter (level 3, -1/29 HPs)
             Began as a Minotaur Hexslinger on July 1, 2023.
             Slain by a cerulean imp
             ... wielding a +0 spear
             ... summoned by Natasha
              (5 damage)
             ... on level 2 of the Dungeon.
             The game lasted 00:00:22 (1004 turns).

qw the Shooter (Minotaur Hexslinger)                Turns: 1004, Time: 00:00:23

Health: -1/29      AC:  6    Str:  9 (12) XL:     3   Next: 8%
Magic:  3/3        EV: 10    Int:  7 (10) God:
Gold:   85         SH:  0    Dex: 12 (14) Spells: 3/4 levels left

rFire   . . .        Y - +1 sling
rCold   . . .        (no shield)
rNeg    . . .        q - +0 ring mail
rPois   .            (helmet restricted)
rElec   .            (no cloak)
rCorr   .            o - +0 pair of gloves
SInv    +            (no boots)
Will    .....        (no amulet)
Stlth   +            d - ring of see invisible
HPRegen 0.24/turn    (no ring)
MPRegen 0.08/turn

%: no passive effects
@: no status effects
A: horns 2, retaliatory headbutt
a: no special abilities


You were on level 2 of the Dungeon.
You visited 1 branch of the dungeon, and saw 2 of its levels.

You collected 85 gold pieces.


Innate Abilities, Weirdness & Mutations

You have a pair of horns on your head.
You reflexively headbutt those who attack you in melee.


   Skills:
 - Level 2.0 Fighting
 - Level 3.6 Ranged Weapons
 + Level 0.0 Armour
 - Level 2.1 Dodging
 - Level 1.0 Spellcasting
 - Level 2.0 Hexes


You had 3 spell levels left.
You knew the following spells:

 Your Spells              Type           Power      Damage    Failure   Level
a - Slow                  Hex            12%        N/A       45%         1

Your spell library contained the following spells:

 Spells                   Type           Power      Damage    Failure   Level
 Inner Flame              Hex/Fire       1%         N/A       93%         3
 Portal Projectile        Hex/Tloc       2%         N/A       93%         3
 Cause Fear               Hex            1%         N/A       99%         4

Inventory:

Hand Weapons
 Y - a +1 sling (weapon)
Armour
 o - a +0 pair of gloves (worn)
 q - a +0 ring mail (worn)
Jewellery
 d - a ring of see invisible (left hand)
Scrolls
 a - a scroll of enchant armour {unknown}
Potions
 b - a potion of haste {unknown}
 e - a potion of brilliance {unknown}
 g - a potion of cancellation {unknown}
 i - a potion of might {unknown}
 k - a potion of heal wounds {unknown}
 m - a potion of curing {unknown}
 n - a potion of enlightenment

Dungeon Overview and Level Annotations

Branches:
Dungeon (2/15)

Altars:

Annotations:
D:2 Natasha


Message History

a - a scroll labelled VEOKAONUMI You are starting to lose your buoyancy.
b - a black potion You float gracefully downwards.
Your enlightenment fades.
Natasha, Servant of Life and Death comes into view.
Found 7 gold pieces.
Natasha casts a spell at you. You resist with significant effort.
You shoot a sling bullet. The sling bullet misses Natasha.
You shoot a sling bullet.
The sling bullet closely misses Natasha.
You shoot a sling bullet.
The sling bullet hits Natasha but does no damage.
You shoot a sling bullet. The sling bullet hits Natasha.
Natasha is moderately wounded.
Natasha mumbles some strange words.
You shoot a sling bullet. The sling bullet hits Natasha.
Natasha is moderately wounded.
Natasha barely misses you.
You shoot a sling bullet.
The sling bullet closely misses Natasha.
Natasha casts a spell at you. The magic dart hits you!
The cerulean imp closely misses you. Natasha claws you.
You shoot a sling bullet. The sling bullet hits Natasha.
Natasha is moderately wounded.
The cerulean imp closely misses you. Natasha claws you!
You shoot a sling bullet. The sling bullet hits Natasha.
Natasha is severely wounded.
The cerulean imp hits you but does no damage.
Natasha mumbles some strange words.
The cerulean imp hits you but does no damage.
You shoot a sling bullet. The sling bullet hits Natasha.
Natasha is almost dead.
Natasha casts a spell at you. The magic dart hits you.
The cerulean imp closely misses you. Natasha claws you.
You shoot a sling bullet. The sling bullet barely misses Natasha.
The sling bullet closely misses the cerulean imp.
The cerulean imp hits you from afar with a +0 spear.
You die...

##### #...# ###. ##.#.#
....$
######....######......
#.......####..@h5.....
###.####.#####.###5.....
.....# #.......# .....
##...# ######### ####
##...#### ........#
..#####.###
#.#####...########.
......##...........


You could see Natasha and 2 cerulean imps.

Vanquished Creatures
  6 ball pythons
  3 bats (D:1)
  An endoplasm (D:1)
  4 goblins (D:1)
  A hobgoblin (D:1)
  3 jackals (D:1)
  4 kobolds (D:1)
  A quokka (D:1)
  2 frilled lizards (D:1)
  4 rats (D:1)
29 creatures vanquished.

Notes
Turn   | Place    | Note
-------+----------+-------------------------------------------
     0 | D:1      | qw the Minotaur Hexslinger began the quest for the Orb.
     0 | D:1      | Reached XP level 1. HP: 16/16 MP: 1/1
     0 | D:1      | 0 ||| qw: Version: 0.3-a-32-g5962c71
     0 | D:1      | 0 ||| qw: Game counter: 7484
     0 | D:1      | 0 ||| qw: Melee chars always use a shield: true
     0 | D:1      | 0 ||| qw: God list: Okawaru
     0 | D:1      | 0 ||| qw: Allow faded altars: false
     0 | D:1      | 0 ||| qw: Do Orc after clearing Dungeon:15 true
     0 | D:1      | 0 ||| qw: Do second Lair branch before Depths: true
     0 | D:1      | 0 ||| qw: Lair rune preference: random
     0 | D:1      | 0 ||| qw: Goals: Normal
     0 | D:1      | 0 ||| PLANNING D:1-11
   186 | D:1      | Reached skill level 3 in Ranged Weapons
   213 | D:1      | Reached XP level 2. HP: 17/23 MP: 2/2
   650 | D:1      | 650 ||| Stepping ~*~*~tactically~*~*~ (outnumbered).
   652 | D:1      | 652 ||| Stepping ~*~*~tactically~*~*~ (outnumbered).
   669 | D:1      | Reached XP level 3. HP: 26/29 MP: 3/3
   848 | D:1      | 848 ||| UPGRADING to +0 pair of gloves.
   853 | D:1      | 853 ||| UPGRADING to +0 ring mail.
   863 | D:1      | 863 ||| DROPPING +0 robe.
   864 | D:1      | 864 ||| UPGRADING to ring of see invisible.
   865 | D:1      | 865 ||| DROPPING ring of magical power.
   866 | D:1      | 866 ||| READING scroll labelled PIAFITTISUSM.
   867 | D:1      | 867 ||| READING scroll labelled KUNAFF OVIARI.
   919 | D:1      | 919 ||| READING scroll labelled TYMOIGE FENILA.
   920 | D:1      | 920 ||| DRINKING 2 viscous green potions.
   921 | D:1      | 921 ||| DRINKING 2 viscous black potions.
   922 | D:1      | 922 ||| DROPPING scroll of poison.
   923 | D:1      | 923 ||| DROPPING potion of degeneration.
   994 | D:2      | Noticed Natasha
  1003 | D:2      | HP: 4/29 [Natasha (4)]
  1004 | D:2      | Slain by a cerulean imp

Levels and vault maps discovered:
D:1:      wheals_arrival_shading, layout_basic, serial_bayou_pond_e,
          minmay_3d_cube
D:2:      layout_basic, uniq_terence, uniq_natasha

Skill      XL: |  1  2 |
---------------+-------+-----
Ranged Weapons | 3 |  3.6
Fighting       | 2 |  2.0
Dodging        | |  2.1
Spellcasting   | |  1.0
Hexes          | |  2.0

Action                     || total
---------------------------++-------
   Fire: Sling             ||    79
    Use: Scroll            ||     3
         Potion            ||     2
 Armour: Robe              ||     7
         Ring mail         ||     2
  Dodge: Dodged            ||    19

Table legend:
 A = Non-vault XP
 B = Vault XP
 C = Vault XP percentage of total XP
 D = Non-vault monster count
 E = Vault monster count
 F = Vault count percentage of total count
                 A         B        C        D         E       F
            +---------+---------+-------+---------+---------+-------
      Total |      38 |       8 |  17.4 |      23 |       6 |  20.7
            +---------+---------+-------+---------+---------+-------
        D:1 |      37 |       8 |  17.8 |      22 |       6 |  21.4
        D:2 |       1 |       0 |   0.0 |       1 |       0 |   0.0
            +---------+---------+-------+---------+---------+-------
